 Dungeon Crawl Stone Soup version 0.23-a0-644-gb60d84b (webtiles) character file.

216 Borgoz the Sneak (level 6, 0/36 HPs)
             Began as a Kobold Assassin on Jan 2, 2019.
             Killed from afar by an orc wizard (7 damage)
             ... with a magic dart
             ... on level 3 of the Dungeon.
             The game lasted 00:05:51 (3041 turns).

Borgoz the Sneak (Kobold Assassin)                  Turns: 3041, Time: 00:05:52

Health: 0/36       AC:  3    Str: 10    XL:     6   Next: 16%
Magic:  6/6        EV: 16    Int: 18    God:
Gold:   103        SH:  0    Dex: 16    Spells: 5/5 levels left

rFire    + . .     SeeInvis .   a - +2 dagger
rCold    + + .     Gourm    .   (shield restricted)
rNeg     . . .     Faith    .   c - +0 robe
rPois    +         Spirit   .   (no helmet)
rElec    +         Reflect  .   d - +0 cloak
rCorr    +         Harm     .   (no gloves)
MR       .....                  (no boots)
Stlth    ++++......             (no amulet)
HPRegen  0.12/turn              k - ring of protection from cold
MPRegen  0.10/turn              (no ring)

@: brilliant, resistant, slowed, very slow
A: small, carnivore
a: no special abilities


You were on level 3 of the Dungeon.
You were very full.

You visited 1 branch of the dungeon, and saw 3 of its levels.

You collected 103 gold pieces.

Inventory:

Hand Weapons
 a - a +2 dagger (weapon)
 b - a +0 blowgun
 o - a +4 quarterstaff of chaos
Missiles
 e - 7 poisoned needles
 f - 2 curare-tipped needles
Armour
 c - a +0 robe (worn)
 d - a +0 cloak (worn)
Jewellery
 k - a ring of protection from cold (left hand)
Scrolls
 h - 3 scrolls of identify
 j - a scroll of immolation {unknown}
 m - a scroll of fear {unknown}
 r - a scroll of noise {unknown}
 s - a scroll of amnesia {unknown}
 t - a scroll of remove curse {unknown}
 w - 2 scrolls of enchant armour {unknown}
Potions
 i - a potion of degeneration {unknown}
 l - a potion of might
 n - 2 potions of flight {unknown}
 p - a potion of heal wounds {unknown}
 q - a potion of brilliance
Comestibles
 g - 8 rations


   Skills:
 + Level 2.8 Fighting
 + Level 4.2 Short Blades
 - Level 2.1 Throwing
 + Level 3.1 Dodging
 + Level 7.8 Stealth


You had 5 spell levels left.
You didn't know any spells.
Your spell library was empty.

Dungeon Overview and Level Annotations

Branches:
Dungeon (3/15)

Altars:
Ashenzari
Yredelemnul


Innate Abilities, Weirdness & Mutations

You are small and have problems with some larger weapons.
You are carnivorous and can eat meat at any time.


Message History

* * * LOW HITPOINT WARNING * * *
You hit the orc wizard.
The orc wizard is heavily wounded.
The orc wizard closely misses you.
The orc wizard hits you but does no damage.
You barely miss the orc wizard.
The orc wizard is heavily wounded.
The orc wizard misses you.
The orc wizard hits you with a +0 dagger.
* * * LOW HITPOINT WARNING * * *
The orc wizard hits you but does no damage.
Items here: )) [[ † a +0 dagger; a +0 robe; a +0 dagger; a +0 robe; an orc corpse The orc wizard hits you but does no damage.
You hit the orc wizard.
The orc wizard is severely wounded.
The orc wizard closely misses you. The orc wizard casts a spell at you.
The magic dart hits you!
You die...

.## #.#
..# #..
#.# ###
#.# #.#
#.# #.#
###o#
##.#@# #
##...%###
###
#.......+
...
##....###
##..
##.#.#
##..#
###.#
##..## #.#
##...#.
#.#
#+##.....#
#.#
#.#..##...


You could see an orc wizard.

Vanquished Creatures
  Crazy Yiuf (D:2)
  Jessica (D:2)
  An orc wizard (D:3)
  A worker ant zombie (D:2)
  5 gnolls
  4 adders
  2 worms (D:2)
  2 dart slugs (D:1)
  A giant cockroach (D:1)
  4 goblins
  3 hobgoblins
  8 kobolds
  2 quokkas
  2 ball pythons (D:2)
  8 bats
  2 frilled lizards
  6 rats
53 creatures vanquished.

Vanquished Creatures (others)
  An orc wizard (D:3)
1 creature vanquished.

Grand Total: 54 creatures vanquished

Notes
Turn   | Place    | Note
-------+----------+-------------------------------------------
     0 | D:1      | Borgoz the Kobold Assassin began the quest for the Orb.
     0 | D:1      | Reached XP level 1. HP: 12/12 MP: 1/1
   229 | D:1      | Reached XP level 2. HP: 17/17 MP: 2/2
   448 | D:1      | Reached skill level 6 in Stealth
   915 | D:1      | Reached XP level 3. HP: 21/21 MP: 3/3
  1125 | D:2      | Found a runed door.
  1402 | D:2      | Noticed Jessica
  1424 | D:2      | Killed Jessica
  1424 | D:2      | Reached XP level 4. HP: 11/27 MP: 4/4
  1598 | D:2      | Reached skill level 7 in Stealth
  1711 | D:2      | Reached XP level 5. HP: 7/31 MP: 5/5
  1991 | D:2      | Noticed Crazy Yiuf
  1995 | D:2      | Killed Crazy Yiuf
  2556 | D:2      | Found a basalt altar of Yredelemnul.
  2690 | D:2      | Found a shattered altar of Ashenzari.
  2900 | D:3      | Reached XP level 6. HP: 36/36 MP: 6/6
  3041 | D:3      | Killed from afar by an orc wizard

Vault maps used:
D:1:      ncdulo_halloftheorcs, hangedman_decor_growths
D:2:      minmay_evil_eye, old_standard_altar, supply_closet_lemuel,
          yredelemnul_altar_generic, uniq_crazy_yiuf_cottage, uniq_jessica
D:3:      nicolae_overflow_crystal_walls, lemuel_crystal_altar,
          grunt_gozag_statues, lemuel_doored_altar, first_ration,
          minmay_bisected

Skill      XL: |  1  2  3  4  5 |
---------------+----------------+-----
Short Blades   | 3 4 |  4.2
Stealth        | 6 7 |  7.8
Dodging        | 2 3 |  3.1
Fighting       | |  2.8
Throwing       | |  2.1

Action                   |  1- 3 |  4- 6 || total
-------------------------+-------+-------++-------
Melee: Dagger            |    90 |   135 ||   225
 Fire: Blowgun           |       |     5 ||     5
  Use: Potion            |       |     5 ||     5
       Scroll            |       |     1 ||     1
 Stab: Sleeping          |     3 |     9 ||    12
       Distracted        |       |     1 ||     1
  Eat: Chunk             |     8 |     6 ||    14
Armor: Robe              |    13 |    24 ||    37
Dodge: Dodged            |    64 |   104 ||   168

Table legend:
 A = Non-vault XP
 B = Vault XP
 C = Vault XP percentage of total XP
 D = Non-vault monster count
 E = Vault monster count
 F = Vault count percentage of total count
                 A         B        C        D         E       F
            +---------+---------+-------+---------+---------+-------
      Total |     197 |     112 |  36.2 |      46 |       8 |  14.8
            +---------+---------+-------+---------+---------+-------
        D:1 |      40 |       0 |   0.0 |      15 |       0 |   0.0
        D:2 |     129 |      95 |  42.4 |      24 |       5 |  17.2
        D:3 |      28 |      17 |  37.8 |       7 |       3 |  30.0
            +---------+---------+-------+---------+---------+-------
